 Dungeon Crawl Stone Soup version 0.21-a0-186-g02e8684 (webtiles) character file.

10334 KarmaPolice the Slinger (level 11, -1/72 HPs)
             Began as a Halfling Hunter on Aug 13, 2017.
             Was an Elder of Okawaru.
             Splashed by a brown ugly thing's acid (7 damage)
             ... on level 11 of the Dungeon.
             The game lasted 00:54:37 (16454 turns).

KarmaPolice the Slinger (Halfling Hunter)          Turns: 16454, Time: 00:54:37

Health: -1/72      AC:  5    Str: 15      XL:     11   Next: 91%
Magic:  16/16      EV: 20    Int:  9      God:    Okawaru [****..]
Gold:   690        SH:  0    Dex: 16 (17) Spells: 10/10 levels left

rFire    . . .     SeeInvis +   p - +1 long sword (holy)
rCold    + . .     Gourm    .   (shield restricted)
rNeg     . . .     Faith    .   I - +1 leather armour {MR+}
rPois    .         Spirit   .   P - +2 hat
rElec    .         Reflect  .   J - +1 cloak {+Inv}
rCorr    .         Harm     .   x - +0 pair of gloves
MR       +....                  E - +0 pair of boots
Stlth    +++.......             (no amulet)
HPRegen  0.22/turn              q - ring of see invisible
MPRegen  0.15/turn              v - ring of protection from cold

@: heroism, corroded
A: mutation resistance 1
a: Heroism, Renounce Religion, Evoke Invisibility


You were on level 11 of the Dungeon.
You worshipped Okawaru.
Okawaru was greatly pleased with you.
You were not hungry.

You visited 2 branches of the dungeon, and saw 12 of its levels.

You collected 714 gold pieces.
You spent 24 gold pieces at shops.

Inventory:

Hand Weapons
 a - a +1 hunting sling
 j - a +2 dagger of venom
 p - a +1 long sword of holy wrath (weapon)
 T - a +1 short sword of draining
Missiles
 b - 125 stones (quivered)
 d - 94 sling bullets
Armour
 x - a +0 pair of gloves (worn)
 E - a +0 pair of boots (worn)
 I - a +1 leather armour of magic resistance (worn)
 J - a +1 cloak of invisibility (worn)
 K - the +3 salamander hide armour {+Rage rF++}
   (You found it on level 6 of the Dungeon)

   It greatly protects you from fire.
   It lets you go berserk.
 P - a +2 hat (worn)
Jewellery
 q - a ring of see invisible (left hand)
 v - a ring of protection from cold (right hand)
 N - an uncursed amulet of magic regeneration
 S - an uncursed ring of poison resistance {unknown}
Wands
 o - a wand of flame (25/48)
 C - a wand of flame (31/48)
 O - a wand of polymorph (4/24)
 V - a wand of lightning (7/15)
 W - a wand of iceblast (7/15)
Scrolls
 e - a scroll of fear {unknown}
 g - 10 scrolls of teleportation
 n - 6 scrolls of enchant armour
 r - 8 scrolls of remove curse
 t - a scroll of random uselessness {unknown}
 y - 2 scrolls of immolation
 D - 3 scrolls of magic mapping
 G - a scroll of blinking {unknown}
 H - a scroll of acquirement {unknown}
 L - 4 scrolls of identify
 Q - a scroll of fog {unknown}
 R - 3 scrolls of summoning
 U - a scroll of vulnerability {unknown}
 Y - a scroll of noise {unknown}
Potions
 h - 3 potions of heal wounds {unknown}
 i - 3 potions of flight {unknown}
 l - 3 potions of mutation {unknown}
 m - a potion of curing
 s - a potion of ambrosia {unknown}
 w - 2 potions of lignification {unknown}
 z - 5 potions of brilliance {unknown}
 A - 2 potions of invisibility {unknown}
 B - 3 potions of berserk rage {unknown}
 F - a potion of magic {unknown}
 M - a potion of resistance {unknown}
 Z - a potion of agility {unknown}
Comestibles
 c - 6 fruits
 f - 13 bread rations
 k - 9 royal jellies
 u - 6 meat rations
 X - 4 chunks of flesh


   Skills:
 - Level 5.3(10.3) Fighting
 - Level 10.8(15.9) Short Blades
 + Level 0.6(10.7) Long Blades
 + Level 14.1(19.1) Slings
 + Level 8.5(13.5) Armour
 + Level 3.5(8.5) Dodging
 - Level 1.1(6.1) Stealth
 - Level 7.5 Invocations


You had 10 spell levels left.
You didn't know any spells.

Dungeon Overview and Level Annotations

Branches:
Dungeon (11/15)            Temple (1/1) D:6            Lair (0/6) D:10
    Orc (0/2) D:9

Altars:
Cheibriados
Dithmenos
Elyvilon
Fedhas
Hepliaklqana
Kikubaaqudgha
Makhleb
Nemelex Xobeh
Okawaru
Qazlal
Ru
Sif Muna
Trog
Uskayaw
Vehumet
Wu Jian
Yredelemnul
Zin
The Shining One

Shops:
D:5 *

Portals:
Trove: D:11 (give 8 potions of haste)


Innate Abilities, Weirdness & Mutations

You are small and have problems with some larger weapons.
You are somewhat resistant to further mutation.


Message History

The brown ugly thing trunk-slaps you.
You are splashed with acid!
The acid burns!
You closely miss the brown ugly thing.
The brown ugly thing is severely wounded.
The brown ugly thing trunk-slaps you.
* * * LOW HITPOINT WARNING * * *
The acid corrodes you!
You are splashed with acid!
The acid burns!
* * * LOW HITPOINT WARNING * * *
You feel better.
The brown ugly thing trunk-slaps you but does no damage.
You hit the brown ugly thing. Your punch misses the brown ugly thing.
The brown ugly thing is severely wounded.
The brown ugly thing trunk-slaps you!
* * * LOW HITPOINT WARNING * * *
You are splashed with acid!
The acid burns!
* * * LOW HITPOINT WARNING * * *
You feel better. The brown ugly thing trunk-slaps you.
* * * LOW HITPOINT WARNING * * *
You are splashed with acid!
The acid burns!
You die...

#........# #..........# ####...
#........# ###(# #... ####'#####
#.((# ###) #.....## #(### #..
#####..# ####(###### #.#
########'## #.........# #.#
##.#.......# #..(......########.#
.'.#.#.###.###..u......'.)))).#.#
##...#.....+.#..@......######...#
##.#########.'.........# ###..
#.#.......###.........# #..#
#.###.##### #.........# #.##
#...#.....# #.........# ####.#
###.#####.# #.........# #....#
#.........# ###'####### #.####
#######+### #..# #.# #..# #.##
##'#####


You could see a brown ugly thing.

Vanquished Creatures
  A vault guard (D:11)
  2 two-headed ogres
  Pikel (D:8)
  An ugly thing (D:11)
  Grinder (D:6)
  A hippogriff (D:11)
  A wyvern (D:11)
  A wraith (D:10)
  4 hogs
  A human (D:7)
  3 hungry ghosts
  Menkaure (D:7)
  2 hell hounds (D:10)
  Duvessa (D:6)
  3 ice beasts
  10 orc warriors
  A sky beast (D:5)
  A necrophage (D:8)
  5 phantoms
  An ogre (D:4)
  A slave (D:8)
  2 centaurs
  A big kobold (D:11)
  7 bullfrogs
  A gnoll sergeant (D:11)
  Dowan (D:6)
  2 scorpions
  A wyvern skeleton (D:11)
  4 wights (D:9)
  6 killer bees (D:10)
  4 howler monkeys (D:7)
  3 bullfrog zombies
  A centaur zombie (D:6)
  4 crimson imps
  2 quasits
  3 jellies
  3 hounds
  A bullfrog skeleton (D:11)
  5 orc priests
  18 orc wizards
  2 centaur skeletons
  2 iguanas
  7 worker ants
  Natasha (thrice) (D:2)
  A hound skeleton (D:6)
  3 worker ant zombies
  A howler monkey skeleton (D:8)
  12 adders
  7 gnolls
  4 shadow imps
  An adder skeleton (D:8)
  A dart slug (D:2)
  6 leopard geckos
  69 orcs
  2 ball pythons
  4 bats
  8 giant cockroaches
  13 goblins
  4 hobgoblins
  4 jackals
  2 quokkas
  5 frilled lizards
  A giant cockroach zombie (D:5)
  A jackal skeleton (D:7)
  A jackal zombie (D:5)
  8 kobolds
  A leopard gecko zombie (D:8)
  8 rats
293 creatures vanquished.

Vanquished Creatures (others)
  2 slaves (D:8)
  A quokka (D:8)
3 creatures vanquished.

Grand Total: 296 creatures vanquished

Notes
Turn   | Place    | Note
-------+----------+-------------------------------------------
     0 | D:1      | KarmaPolice the Halfling Hunter began the quest for the Orb.
     0 | D:1      | Reached XP level 1. HP: 14/14 MP: 1/1
   219 | D:1      | Reached skill level 6 in Slings
   344 | D:1      | Reached XP level 2. HP: 19/19 MP: 2/2
   396 | D:1      | Reached skill level 1 in Short Blades
   584 | D:1      | Reached XP level 3. HP: 23/24 MP: 3/3
   844 | D:2      | Noticed Natasha
   861 | D:2      | Killed Natasha
   861 | D:2      | Reached XP level 4. HP: 10/30 MP: 4/4
   864 | D:2      | Noticed Natasha
  1319 | D:2      | Killed Natasha
  1610 | D:2      | Noticed Natasha
  1617 | D:2      | Killed Natasha
  1617 | D:2      | Reached XP level 5. HP: 30/36 MP: 5/5
  1654 | D:2      | Reached skill level 7 in Slings
  1686 | D:2      | Found a deep blue altar of Sif Muna.
  2142 | D:2      | Found a snail-covered altar of Cheibriados.
  3453 | D:3      | Reached XP level 6. HP: 27/42 MP: 6/6
  4252 | D:4      | Reached skill level 8 in Slings
  4252 | D:4      | Reached XP level 7. HP: 41/47 MP: 7/7
  4968 | D:4      | Reached skill level 5 in Short Blades
  5208 | D:5      | Entered Level 5 of the Dungeon
  5459 | D:5      | Reached skill level 9 in Slings
  5459 | D:5      | Reached XP level 8. HP: 54/54 MP: 8/8
  5581 | D:5      | Found Somit's General Store.
  5593 | D:5      | Bought a scroll of identify for 24 gold pieces
  5619 | D:5      | Found an ornate altar of the Wu Jian Council.
  6274 | D:6      | Reached skill level 5 in Fighting
  6316 | D:6      | Found the +3 salamander hide armour {+Rage rF++}
  7003 | D:6      | Found a staircase to the Ecumenical Temple.
  7019 | Temple   | Entered the Ecumenical Temple
  7119 | Temple   | Became a worshipper of Warmaster Okawaru
  7146 | D:6      | Found a blossoming altar of Fedhas.
  7149 | D:6      | Noticed Duvessa
  7166 | D:6      | Noticed Dowan
  7195 | D:6      | Killed Duvessa
  7195 | D:6      | Reached skill level 10 in Slings
  7195 | D:6      | Reached skill level 1 in Armour
  7202 | D:6      | Killed Dowan
  7202 | D:6      | Reached skill level 1 in Invocations
  7414 | D:6      | Reached * piety under Okawaru
  7414 | D:6      | Reached XP level 9. HP: 40/61 MP: 10/10
  7635 | D:6      | Noticed Grinder
  7637 | D:6      | Paralysed by Grinder for 7 turns
  7654 | D:6      | Killed Grinder
  7711 | D:6      | Got a pitted leather armour
  7909 | D:6      | Identified the +1 leather armour of Melancholy {+Inv Int+2} (You found it on level 6 of the Dungeon)
  8099 | D:7      | Noticed Menkaure
  8104 | D:7      | Killed Menkaure
  8206 | D:6      | Reached skill level 11 in Slings
  8703 | D:7      | Reached ** piety under Okawaru
  8923 | D:7      | Found a glowing golden altar of the Shining One.
  9050 | D:7      | Reached XP level 10. HP: 55/66 MP: 13/13
  9548 | D:8      | Reached skill level 5 in Armour
  9768 | D:8      | Reached skill level 5 in Invocations
  9820 | D:8      | Noticed a two-headed ogre
  9821 | D:8      | Noticed Pikel
 10161 | D:7      | Killed a two-headed ogre
 10161 | D:7      | Reached skill level 12 in Slings
 10363 | D:8      | Killed Pikel
 11868 | D:9      | Found a shadowy altar of Dithmenos.
 11868 | D:9      | Found a sparkling altar of Nemelex Xobeh.
 11873 | D:9      | Found a bloodstained altar of Trog.
 11875 | D:9      | Found a faded altar of an unknown god.
 11877 | D:9      | Found a faded altar of an unknown god.
 12006 | D:9      | Reached *** piety under Okawaru
 12056 | D:9      | Noticed a two-headed ogre
 12170 | D:8      | Reached XP level 11. HP: 43/72 MP: 15/15
 12519 | D:9      | Killed a two-headed ogre
 12519 | D:9      | Reached skill level 10 in Short Blades
 12817 | D:9      | Reached skill level 13 in Slings
 12850 | D:9      | Found a staircase to the Orcish Mines.
 13426 | D:10     | Entered Level 10 of the Dungeon
 13479 | D:10     | Found a staircase to the Lair.
 14723 | D:11     | Noticed a vault guard
 14760 | D:11     | Killed a vault guard
 14860 | D:11     | Found a portal to a secret trove of treasure.
 14952 | D:11     | Noticed a green ugly thing
 14987 | D:11     | Killed a green ugly thing
 15648 | D:11     | Noticed a brown ugly thing
 15649 | D:11     | Reached skill level 14 in Slings
 15797 | D:11     | Reached **** piety under Okawaru
 16453 | D:11     | HP: 1/72 [acid (7)]
 16454 | D:11     | Splashed by a brown ugly thing's acid

Vault maps used:
D:1:      lemuel_arrival_behind_the_door_small
D:2:      minmay_wonky_spiral, nicolae_overflow_crystal_walls,
          minmay_misc_feat_ornament, grunt_decor_clamped, cheibriados_altar_1,
          uniq_natasha
D:4:      minmay_door_path, first_bread
D:5:      kennysheep_little_box, serial_shops, shop
D:6:      lemuel_round_altar, temple_fountains, uniq_grinder, uniq_duvessa
D:7:      tso_oasis_becter, st_stairs_10, grunt_livestock,
          kennysheep_generic_room_12, uniq_menkaure
D:8:      kennysheep_small_spiral, kennysheep_nub, uniq_pikel
D:9:      chequers_temple_overflow_minitemple, david_orc_4, st_stairs_1
D:10:     minmay_lair_entry_lava, lightli_orcish_oven
D:11:     enter_trove_5
Temple:   regret_index_temple_waves

Skill      XL: |  1  2  3  4  5  6  7  8  9 10 11 |
---------------+----------------------------------+-----
Slings         | 6 7 8 9 10 11 12 14 | 14.1
Fighting       | 2 3 4 5 |  5.3
Short Blades   | 1 2 3 4 5 6 8 9 10 | 10.8
Armour         | 1 4 6 8 |  8.5
Invocations    | 1 4 6 7 |  7.5
Dodging        | 3 |  3.5
Long Blades    | |  0.6
Stealth        | |  1.1

Action                   |  1- 3 |  4- 6 |  7- 9 | 10-12 || total
-------------------------+-------+-------+-------+-------++-------
Melee: Short sword       |    15 |       |       |   371 ||   386
       Dagger            |    44 |   186 |   440 |   436 ||  1106
       Punch             |       |       |       |     3 ||     3
       Long sword        |       |       |       |    15 ||    15
 Fire: Hunting sling     |       |       |     7 |   233 ||   240
Invok: Heroism           |       |       |     2 |     7 ||     9
  Use: Potion            |     1 |       |     2 |     2 ||     5
       Scroll            |       |       |     5 |     2 ||     7
 Stab: Sleeping          |       |     5 |     3 |     1 ||     9
  Eat: Chunk             |       |    10 |    16 |    16 ||    42
       Meat ration       |       |       |       |     2 ||     2
Armor: Leather armour    |     6 |    22 |   119 |   140 ||   287
Dodge: Dodged            |    45 |    93 |   221 |   348 ||   707
       Rpst.: Long sword |       |       |       |     3 ||     3
